 Dungeon Crawl Stone Soup version 0.26.0-16-gc1dbca0489 (webtiles) character file.

Game seed: 10943086921571848869

570 inqbanana the Cudgeller (level 7, 0/70 HPs)
             Began as an Ogre Chaos Knight on Jan 20, 2021.
             Was a Plaything of Xom.
             Slain by Eustachio
             ... wielding a +2 falchion of freezing
              (6 damage)
             ... on level 5 of the Dungeon.
             The game lasted 00:08:06 (3870 turns).

inqbanana the Cudgeller (Ogre Chaos Knight)         Turns: 3870, Time: 00:08:07

Health: 0/70       AC:  6    Str: 17    XL:     7   Next: 34%
Magic:  0/7        EV: 10    Int: 13    God:    Xom [.*....]
Gold:   294        SH:  0    Dex: 10    Spells: 6/6 levels left

rFire    . . .     SeeInvis .   e - +5 mace
rCold    + . .     Faith    .   (no shield)
rNeg     + . .     Spirit   +   b - +2 robe
rPois    .         Reflect  .   (helmet restricted)
rElec    .         Harm     .   g - +0 cloak
rCorr    .         Rampage  .   (gloves unavailable)
Will     .....                  (boots unavailable)
Stlth    +.........             f - amulet of guardian spirit
HPRegen  0.21/turn              l - ring of protection from cold
MPRegen  0.10/turn              m - ring of positive energy

@: lethally poisoned (0 -> -6)
A: large, unfitting armour, screaming 2, tough skin 1, wild magic 1, evolution 1
a: Renounce Religion


You were on level 5 of the Dungeon.
You worshipped Xom.
You were a plaything of Xom.
You visited 1 branch of the dungeon, and saw 5 of its levels.

You collected 294 gold pieces.

Inventory:

Hand Weapons
 a - a +0 mace of chaos
 e - a +5 mace (weapon)
 h - a +2 giant spiked club
Missiles
 k - 10 boomerangs (quivered)
Armour
 b - a +2 robe (worn)
 c - a +2 pair of boots
 g - a +0 cloak (worn)
Jewellery
 f - an amulet of guardian spirit (around neck)
 l - a ring of protection from cold (left hand)
 m - a ring of positive energy (right hand)
 q - an uncursed ring of protection from fire {unknown}
Scrolls
 d - a scroll of enchant armour
 j - 2 scrolls of teleportation
 n - 2 scrolls of remove curse
 o - a scroll of amnesia {unknown}
 r - a scroll of identify
Potions
 p - a potion of resistance


   Skills:
 - Level 4.0 Fighting
 * Level 7.0 Maces & Flails
 + Level 2.5 Throwing
 - Level 2.1 Dodging


You had 6 spell levels left.
You didn't know any spells.
Your spell library contained the following spells:

 Spells                   Type           Power        Failure   Level
 Sandblast                Erth           0%           38%         1
 Passwall                 Tmut/Erth      0%           52%         2
 Stone Arrow              Conj/Erth      0%           75%         3
 Petrify                  Tmut/Erth      0%           98%         4
 Lee's Rapid Deconstruct  Erth           0%           100%        5


Dungeon Overview and Level Annotations

Branches:
Dungeon (6/15)             Temple (0/1) D:6

Altars:
Okawaru

Annotations:
D:5 Eustachio


Innate Abilities, Weirdness & Mutations

You are too large for most types of armour.
You have tough skin. (AC +1)
You sometimes yell uncontrollably at your foes.
Your spells are a little harder to cast, but a little more powerful.
You evolve.


Message History

You feel better. The shadow imp closely misses you.
The worker ant barely misses you.
Eustachio hits you with a +2 falchion of freezing.
* * * LOW HITPOINT WARNING * * *
You hit the worker ant.
The worker ant is moderately wounded.
The worker ant closely misses you. The shadow imp hits you.
* * * LOW HITPOINT WARNING * * *
Eustachio hits you but does no damage.
You hit the worker ant.
The worker ant is heavily wounded.
The worker ant barely misses you.
The shadow imp lashes its tail.
The shadow imp closely misses you. The worker ant bites you.
* * * LOW HITPOINT WARNING * * *
You are lethally poisoned!
The worker ant poisons you!
Eustachio hits you with a +2 falchion of freezing.
You die...
Xom chortles!

##.....###....### #.# #.##
#...........### #.. #..#
#........##.# #.###.#
#.......###.## #.[##.#
##...........# ##..#..
#.......###..#########....
#....<.............##....#
#.......##B#..####........
##.....#@@.##.# ###.####.
##...#.5####..# #.. #.
#####.## ##(##...# ..
###...######...... #.
##......p.......$## ..
#..##..........##
#.###........#.####
#..................o
#####..........#.#


You could see Eustachio, a worker ant and a shadow imp.

Vanquished Creatures
  Edmund (D:5)
  A water moccasin (D:6)
  An ogre (D:2)
  A water moccasin skeleton (D:6)
  An orc priest (D:3)
  Crazy Yiuf (D:2)
  An iguana (D:2)
  A worker ant (D:5)
  A worker ant zombie (D:5)
  2 adders
  An ufetubus (D:5)
  An ooze (D:3)
  An adder skeleton (D:6)
  A dart slug (D:2)
  2 leopard geckos
  11 orcs
  6 bats
  3 giant cockroaches
  2 goblins (D:1)
  10 hobgoblins
  A quokka (D:5)
  2 ball pythons
  5 frilled lizards
  11 kobolds
  6 rats
74 creatures vanquished.

Vanquished Creatures (collateral kills)
  3 gnolls (D:3)
3 creatures vanquished.

Vanquished Creatures (others)
  A white imp (D:5)
  15 fungi
16 creatures vanquished.

Grand Total: 93 creatures vanquished

Notes
Turn   | Place    | Note
-------+----------+-------------------------------------------
     0 | D:1      | inqbanana the Ogre Chaos Knight began the quest for the
                  | Orb.
     0 | D:1      | Reached XP level 1. HP: 24/24 MP: 1/1
   160 | D:1      | Reached skill level 3 in Maces & Flails
   192 | D:1      | XOM: silly message
   218 | D:1      | Reached XP level 2. HP: 29/32 MP: 2/2
   379 | D:1      | XOM: give mutations
   379 | D:1      | Gained mutation: You are weak. (Str -2) [Xom's mischief]
   379 | D:1      | Gained mutation: You are strong-willed. (Will+) [Xom's
                  | mischief]
   774 | D:1      | XOM: torment (17/32 hp)
  1014 | D:1      | Reached XP level 3. HP: 39/39 MP: 3/3
  1131 | D:1      | XOM: summons 4 hostile shadow creatures
  1350 | D:2      | Noticed an ogre
  1384 | D:2      | Reached skill level 4 in Maces & Flails
  1399 | D:2      | Found an iron altar of Okawaru.
  1431 | D:2      | XOM: silly message
  1465 | D:2      | Lost mutation: You are strong-willed. (Will+) [potion of
                  | mutation]
  1465 | D:2      | Lost mutation: You are weak. (Str -2) [potion of mutation]
  1465 | D:2      | Gained mutation: Your spells are a little harder to cast,
                  | but a little more powerful. [potion of mutation]
  1465 | D:2      | Gained mutation: You evolve. [potion of mutation]
  1572 | D:2      | XOM: 3-stop teleportation journey
  1600 | D:2      | Found a runed translucent door.
  1601 | D:2      | Noticed Crazy Yiuf
  1606 | D:2      | XOM: butterfly on damage
  1609 | D:2      | Killed Crazy Yiuf
  1610 | D:2      | Reached XP level 4. HP: 22/48 MP: 2/4
  1928 | D:2      | XOM: summons friendly iron imp
  1939 | D:2      | Killed an ogre
  1940 | D:2      | Reached skill level 5 in Maces & Flails
  1940 | D:2      | Reached XP level 5. HP: 12/54 MP: 1/5
  2440 | D:2      | XOM: god gift: 34 gold pieces
  2591 | D:3      | XOM: cast spell 'Summon Mana Viper'
  2794 | D:3      | XOM: god gift: 24 gold pieces
  2850 | D:3      | Reached XP level 6. HP: 49/60 MP: 4/6
  2866 | D:3      | Reached skill level 6 in Maces & Flails
  3205 | D:3      | You fall into a shaft and drop 3 floors!
  3216 | D:6      | Reached skill level 1 in Throwing
  3262 | D:6      | XOM: give mutations
  3262 | D:6      | Gained mutation: You occasionally shout uncontrollably at
                  | your foes. [Xom's mischief]
  3262 | D:6      | Gained mutation: You sometimes yell uncontrollably at your
                  | foes. [Xom's mischief]
  3424 | D:6      | Found a staircase to the Ecumenical Temple.
  3427 | D:6      | Noticed a water moccasin
  3435 | D:6      | Killed a water moccasin
  3436 | D:6      | Reached XP level 7. HP: 34/70 MP: 3/7
  3476 | D:5      | Entered Level 5 of the Dungeon
  3758 | D:5      | Noticed Eustachio
  3766 | D:5      | XOM: 5-stop teleportation journey
  3810 | D:5      | Noticed Edmund
  3810 | D:5      | XOM: destruction
  3812 | D:5      | XOM: scenery: summon butterflies
  3831 | D:5      | XOM: summons 3 friendly demons
  3847 | D:5      | XOM: divination: detect creatures
  3864 | D:5      | Killed Edmund
  3865 | D:5      | Reached skill level 7 in Maces & Flails
  3870 | D:5      | Slain by Eustachio

Illustrated notes

Levels and vault maps discovered:
D:1:      scummos_arrival_checkerplants, layout_basic, serial_glass,
          glass_columns_a, glass_columns_a, grunt_decor_mini_mirrors
D:2:      layout_basic, okawaru_gym_becter, uniq_crazy_yiuf_cottage
D:3:      layout_rooms
D:5:      layout_rooms, nicolae_overflow_hidden_temple, uniq_eustachio,
          uniq_edmund
D:6:      layout_loops_ring, kennysheep_little_box,
          minmay_temple_entry_large_hall, serial_shops,
          nicolae_shop_behind_doors, grunt_gozag_statues

Skill      XL: |  1  2  3  4  5  6  7 |
---------------+----------------------+-----
Maces & Flails | 3 4 5 6 7 |  7.0
Throwing       | 1 2 |  2.5
Fighting       | |  4.0
Dodging        | |  2.1

Action                   |  1- 3 |  4- 6 |  7- 9 || total
-------------------------+-------+-------+-------++-------
Melee: Mace              |    98 |   113 |    49 ||   260
Throw: Boomerang         |       |       |     1 ||     1
  Use: Scroll            |     6 |     3 |       ||     9
       Potion            |     3 |     4 |     2 ||     9
Armor: Robe              |    45 |    62 |    27 ||   134
Dodge: Dodged            |    52 |    84 |    55 ||   191
